 Dungeon Crawl Stone Soup version 0.24-b1-30-g840c9efd86 (webtiles) character file.

Game seed: 15419255445207078676, levelgen mode: deterministic

88 ChadPA the Chopper (level 4, 0/41 HPs)
             Began as a Hill Orc Abyssal Knight on Oct 23, 2019.
             Was a Believer of Lugonu.
             Slain by an orc priest
             ... wielding a +0 hand axe
              (4 damage)
             ... on level 3 of the Dungeon.
             The game lasted 00:08:19 (3223 turns).

ChadPA the Chopper (Hill Orc Abyssal Knight)        Turns: 3223, Time: 00:08:20

Health: 0/41       AC:  5    Str: 15    XL:     4   Next: 54%
Magic:  6/6        EV: 10    Int: 12    God:    Lugonu [**....]
Gold:   171        SH:  0    Dex: 10    Spells: 3/3 levels left

rFire    . . .     SeeInvis .   a - +1 hand axe
rCold    . . .     Gourm    .   (no shield)
rNeg     . . .     Faith    .   u - +0 ring mail
rPois    .         Spirit   .   (no helmet)
rElec    .         Reflect  .   (no cloak)
rCorr    .         Harm     .   (no gloves)
MR       .....                  (no boots)
Stlth    ..........             (no amulet)
HPRegen  0.13/turn              (no ring)
MPRegen  0.10/turn              (no ring)

@: no status effects
A: no striking features
a: Depart the Abyss, Bend Space, Renounce Religion, Convert to Beogh


You were on level 3 of the Dungeon.
You worshipped Lugonu.
Lugonu was pleased with you.
You were very hungry.

You visited 1 branch of the dungeon, and saw 3 of its levels.
You visited the Abyss 1 time.

You collected 171 gold pieces.

Inventory:

Hand Weapons
 a - a +1 hand axe (weapon)
 v - a +1 dagger of protection
Missiles
 j - 57 stones (quivered)
 l - 32 bolts
Armour
 b - a +0 leather armour
 r - a +0 plate armour
 u - a +0 ring mail (worn)
Jewellery
 g - a +2 ring of strength {unknown}
Scrolls
 d - 3 scrolls of remove curse {unknown}
 h - 2 scrolls of identify {unknown}
 i - a scroll of fear {unknown}
 k - 2 scrolls of teleportation {unknown}
 m - 5 scrolls of amnesia {unknown}
 q - a scroll of immolation {unknown}
 t - a scroll of enchant weapon {unknown}
Potions
 e - a potion of flight {unknown}
 f - a potion of mutation {unknown}
 n - 3 potions of curing {unknown}
 o - a potion of heal wounds {unknown}
 p - a potion of might {unknown}
 s - 2 potions of lignification {unknown}
Comestibles
 c - 5 rations


   Skills:
 + Level 4.6 Fighting
 * Level 5.1 Axes
 - Level 2.1 Armour
 - Level 0.7 Dodging
 + Level 2.7 Invocations


You had 3 spell levels left.
You didn't know any spells.
Your spell library was empty.

Dungeon Overview and Level Annotations

Branches:
Dungeon (3/15)

Altars:

Annotations:
D:1 exclusion: downstairs


Message History

The orc priest calls upon Beogh to heal the orc.
The orc's wounds heal themselves!
The orc hits you.
* * * LOW HITPOINT WARNING * * *
You barely miss the orc priest.
The orc priest is severely wounded.
You barely miss the orc.
The orc priest hits you with a +0 hand axe.
* * * LOW HITPOINT WARNING * * *
The orc barely misses you.
You barely miss the orc priest.
The orc priest shouts, "Surrender to Beogh and we'll let you live!"
The orc priest is severely wounded.
You hit the orc.
The orc priest shouts, "Beogh is our master!
Accept the truth or die!"
The orc priest barely misses you. The orc hits you but does no damage.
You hit the orc priest.
The orc priest is severely wounded.
You hit the orc.
The orc priest hits you with a +0 hand axe.
You die...

### ..# #.#
#.# #.#
#######.###
#o@.......#
#o#####.#)#
......oo#
#.#.#
######..#
#.#.# #..#
#.#.#
#..#####.#.#
####.....#.#
####..#.#
#..#.#


You could see an orc priest and 3 orcs.

Vanquished Creatures
  Jessica (D:2)
  2 worms
  A dart slug (D:1)
  2 leopard geckos
  2 orcs (D:3)
  3 giant cockroaches
  4 goblins (D:1)
  5 hobgoblins
  2 jackals (D:1)
  2 kobolds
  2 ball pythons (D:1)
  7 bats
  14 frilled lizards
  8 rats
55 creatures vanquished.

Notes
Turn   | Place    | Note
-------+----------+-------------------------------------------
     0 | Abyss:1  | ChadPA the Hill Orc Abyssal Knight began the quest for the
                  | Orb.
     0 | Abyss:1  | Reached XP level 1. HP: 19/19 MP: 2/2
    14 | Abyss:1  | Found a basalt altar of Yredelemnul.
    94 | D:1      | Escaped the Abyss
   275 | D:1      | Reached skill level 3 in Axes
   275 | D:1      | Reached XP level 2. HP: 17/27 MP: 3/3
   950 | D:1      | Reached XP level 3. HP: 24/34 MP: 4/4
  1283 | D:1      | Reached ** piety under Lugonu
  1388 | D:2      | Reached skill level 4 in Axes
  1667 | D:2      | Found a faded altar of an unknown god.
  1704 | D:2      | Noticed Jessica
  2521 | D:2      | Killed Jessica
  2521 | D:2      | Reached skill level 5 in Axes
  2521 | D:2      | Reached XP level 4. HP: 38/41 MP: 5/5
  2629 | D:2      | Found a faded altar of an unknown god.
  3223 | D:3      | Slain by an orc priest

Skill      XL: |  1  2  3 |
---------------+----------+-----
Fighting       | 4 |  4.6
Axes           | 3 5 |  5.1
Armour         | |  2.1
Dodging        | |  0.7
Invocations    | |  2.7

Action                   |  1- 3 |  4- 6 || total
-------------------------+-------+-------++-------
Melee: Hand axe          |   150 |    35 ||   185
Throw: Stone             |       |     6 ||     6
  Eat: Chunk             |     4 |     2 ||     6
Armor: Leather armour    |    42 |       ||    42
       Ring mail         |     8 |     7 ||    15
Dodge: Dodged            |    95 |    15 ||   110
